 Dungeon Crawl Stone Soup version 0.31-a0-636-ge1c0e020e0 (webtiles) character file.

Game seed: 6939165512325085109

16562 Ijustatesigmund the Fighter (level 12, -1/84 HPs)
             Began as a Gargoyle Fighter on Aug 26, 2023.
             Was a Priest of Cheibriados.
             Slain by a vampire
             ... wielding a +0 dagger
              (7 damage)
             ... on level 12 of the Dungeon.
             The game lasted 00:21:33 (14856 turns).

Ijustatesigmund the Fighter (Gargoyle Fighter)     Turns: 14856, Time: 00:21:33

Health: -1/84      AC: 26    Str: 30    XL:     12   Next: 38%
Magic:  11/19      EV: 10    Int: 18    God:    Cheibriados [***...]
Gold:   229        SH: 12    Dex: 16    Spells: 11/11 levels left

rFire   + + .        a - +1 flail
rCold   . . .        s - +2 kite shield
rNeg    + . .        b - +1 chain mail {rF+}
rPois   ∞            o - +1 helmet
rElec   +            E - scarf {repulsion}
rCorr   .            g - +1 pair of gloves
SInv    .            t - +0 pair of boots
Will    .....        (no amulet) Stlth
                     w - ring of protection from fire
HPRegen 0.34/turn    (no ring)
MPRegen 0.16/turn

%: repel missiles
@: slowed, very slow
A: sickness immunity, AC +8, negative energy resistance 1, electricity
resistance, torment resistance 1, petrification resistance
a: Renounce Religion, Bend Time, Temporal Distortion


You were on level 12 of the Dungeon.
You worshipped Cheibriados.
Cheibriados was most pleased with you.
You visited 2 branches of the dungeon, and saw 13 of its levels.

You collected 571 gold pieces.
You spent 342 gold pieces at shops.

Inventory:

Hand Weapons
 a - a +1 flail (weapon)
 p - a +0 flail of holy wrath
Missiles
 x - 3 throwing nets
Armour
 b - a +1 chain mail of fire resistance (worn)
 g - a +1 pair of gloves (worn)
 o - a +1 helmet (worn)
 s - a +2 kite shield (worn)
 t - a +0 pair of boots (worn)
 E - a scarf of repulsion (worn)
Jewellery
 w - a ring of protection from fire (left hand)
 C - a ring of fire
Wands
 h - a wand of iceblast (5)
 l - a wand of flame (6)
Scrolls
 c - a scroll of identify
 e - a scroll of enchant weapon
 u - 2 scrolls of revelation
 D - a scroll of amnesia
 F - 3 scrolls of immolation
Potions
 k - a potion of resistance
 m - a potion of cancellation
 n - a potion of magic
 q - a potion of brilliance
 r - 3 potions of mutation
 v - a potion of haste
 A - a potion of lignification


   Skills:
 + Level 13.1 Fighting
 - Level 9.5 Maces & Flails
 + Level 7.9 Armour
 - Level 4.3 Dodging
 - Level 5.8 Shields
 + Level 9.6 Invocations
 - Level 3.1 Evocations


You had 11 spell levels left.
You didn't know any spells.
Your spell library contained the following spells:

 Spells                   Type           Power      Damage    Failure   Level
 Poisonous Vapours        Pois/Air       0%         N/A       90%         2
 Frozen Ramparts          Ice            0%         1d1       99%         3
 Mephitic Cloud           Conj/Pois/Air  0%         N/A       99%         3
 Ozocubu's Armour         Ice            0%         N/A       99%         3
 Animate Dead             Necr           0%         N/A       100%        4
 Petrify                  Tmut/Erth      0%         N/A       100%        4
 Borgnjor's Vile Clutch   Necr/Erth      0%         N/A       100%        5
 Freezing Cloud           Conj/Ice/Air   0%         6-21      100%        5
 Metabolic Englaciation   Hex/Ice        0%         N/A       100%        5
 Death Channel            Necr           0%         N/A       100%        6
 Simulacrum               Ice/Necr       0%         N/A       100%        6


Dungeon Overview and Level Annotations

Branches:
Dungeon (12/15)            Temple (1/1) D:7            Lair (0/5) D:10
    Orc (0/2) D:9

Altars:
Ashenzari
Cheibriados
Dithmenos
Elyvilon
Fedhas
Gozag
Hepliaklqana
Kikubaaqudgha
Makhleb
Nemelex Xobeh
Okawaru
Qazlal
Ru
Sif Muna
Trog
Uskayaw
Vehumet
Wu Jian
Xom
Yredelemnul
Zin
The Shining One

Shops:
D:5 (([


Innate Abilities, Weirdness & Mutations

You are immune to sickness and miasma.
Your stone body is resilient. (AC +8)
You are immune to poison.
You resist negative energy. (rN+)
You are resistant to electric shocks. (rElec)
You are resistant to unholy torment.
You are immune to petrification.


Message History

The slime creature hits you but does no damage.
The freezing wraith hits you but does no damage. x2
You sock the slime creature!
The slime creature is almost dead.
You block something's attack. Something bites you but does no damage.
The slime creature hits you but does no damage.
You block the freezing wraith's attack.
The freezing wraith hits you but does no damage.
You hit the slime creature.
The slime creature is almost dead.
The centaur warrior shoots an arrow.
You block the arrow.
The centaur warrior shoots an arrow.
The arrow closely misses you. Something hits you but does no damage.
Something bites you but does no damage.
The slime creature hits you but does no damage.
The freezing wraith hits you but does no damage. x2
You hit the slime creature but do no damage.
The slime creature is almost dead.
The centaur warrior shoots an arrow.
You block the arrow. Something hits you.
* * * LOW HITPOINT WARNING * * *
Something bites you.
* * * LOW HITPOINT WARNING * * *
The freezing wraith closely misses you.
The freezing wraith hits you but does no damage.
The slime creature hits you but does no damage.
You sock the slime creature!
You kill the slime creature!
Cheibriados appreciates the change of pace.
The centaur warrior shoots an arrow.
The arrow hits you but does no damage.
The centaur warrior shoots an arrow.
The arrow barely misses you. Something hits you but does no damage.
Something bites you.
* * * LOW HITPOINT WARNING * * *
The freezing wraith hits you but does no damage.
The freezing wraith hits you.
* * * LOW HITPOINT WARNING * * *
The freezing wraith drains your vigour!
You feel yourself slow down.
The air fills with toxic fumes!
As you read the scroll of poison, it crumbles to dust.
The centaur warrior shoots an arrow.
You block the arrow. Something hits you but does no damage.
Something bites you!
You die...

#.#..{.Q..........##.. ..
#.##########§##########.#
#V# ^## #§# #)#...## #§#
#......# ##§##
#.......###§§§##
##.....###§§§§§##
....###§§§§§§§##
...###§§§§{@W§§#
?...§§§§§§§§§§§§§§#
...###§§§§§§§§§##§# .#.#
##§§§§§§§§§§ #
##§§§§§###§§§ ##§§§##
.§c. ##§## ### #§


You could see a centaur warrior and a freezing wraith.

Vanquished Creatures
  Nessos (D:12)
  2 two-headed ogres
  A boulder beetle (D:12)
  A deep elf archer (D:12)
  Pikel (D:4)
  2 deep elf pyromancers (D:12)
  An ugly thing (D:12)
  A manticore (D:12)
  An elephant (D:10)
  Maurice (D:9)
  Joseph (D:9)
  A gargoyle (D:12)
  3 trolls
  A hornet (D:8)
  A meliai (D:12)
  5 slime creatures (D:12)
  A shadow (D:6)
  A vampire (D:12)
  6 humans (D:8)
  3 wyverns
  A wraith (D:11)
  16 yaks
  A basilisk (D:10)
  5 vampire mosquitoes
  An acid dragon (D:11)
  3 water moccasins
  3 orc warriors
  2 ice beasts
  2 black bears
  4 ogres
  6 centaurs
  2 phantoms
  A kobold brigand (D:7)
  2 gnoll sergeants
  4 wights (D:8)
  4 howler monkeys (D:9)
  3 jellies (D:6)
  4 orc priests
  Ijyb (D:4)
  A sleepcap (D:5)
  3 gnoll boudas
  6 iguanas
  10 orc wizards
  Natasha (thrice) (D:2)
  19 gnolls
  5 adders
  A shadow imp (D:6)
  2 white imps (D:7)
  An ufetubus (D:5)
  2 dart slugs
  38 orcs
  7 endoplasms
  5 giant cockroaches
  9 goblins
  5 hobgoblins
  8 jackals
  4 quokkas
  4 ball pythons
  6 bats
  2 frilled lizards (D:2)
  10 kobolds
  8 rats
259 creatures vanquished.

Notes
Turn   | Place    | Note
-------+----------+-------------------------------------------
     0 | D:1      | Ijustatesigmund the Gargoyle Fighter began the quest for
                  | the Orb.
     0 | D:1      | Reached XP level 1. HP: 14/14 MP: 1/1
    90 | D:1      | Reached XP level 2. HP: 19/19 MP: 2/2
   358 | D:1      | Reached XP level 3. HP: 23/24 MP: 3/3
   360 | D:1      | Reached skill level 4 in Fighting
   794 | D:2      | Noticed Natasha
   805 | D:2      | Killed Natasha
   806 | D:2      | Reached XP level 4. HP: 26/30 MP: 4/4
   834 | D:2      | Noticed Natasha
   845 | D:2      | Killed Natasha
   873 | D:2      | Noticed Natasha
   882 | D:2      | Killed Natasha
   883 | D:2      | Reached XP level 5. HP: 19/34 MP: 5/5
  1108 | D:3      | Reached skill level 5 in Fighting
  1191 | D:3      | Found a faded altar of an unknown god.
  1618 | D:3      | Noticed a water moccasin
  1642 | D:3      | Killed a water moccasin
  1643 | D:3      | Reached XP level 6. HP: 20/41 MP: 6/6
  1989 | D:4      | Found a hazy altar of Hepliaklqana.
  2097 | D:4      | Found a basalt altar of Yredelemnul.
  2202 | D:4      | Identified the staff "Lokh" {*Slow rPois rF+ rN+ Necro}
  2232 | D:4      | Reached skill level 6 in Fighting
  2287 | D:4      | Noticed Ijyb
  2294 | D:4      | Killed Ijyb
  2481 | D:4      | Reached skill level 5 in Maces & Flails
  2999 | D:4      | Noticed Pikel
  3019 | D:4      | Killed Pikel
  3020 | D:4      | Reached XP level 7. HP: 18/47 MP: 7/7
  3423 | D:5      | Entered Level 5 of the Dungeon
  3672 | D:5      | Reached XP level 8. HP: 28/52 MP: 8/8
  4141 | D:5      | Found Wizujopa's Antique Weapon Shoppe.
  4141 | D:5      | Found Nuwkil's Antique Weapon Shoppe.
  4150 | D:5      | Reached skill level 7 in Fighting
  4204 | D:5      | Found Ziuckock's Armour Shoppe.
  4520 | D:5      | Reached skill level 5 in Armour
  4905 | D:5      | Bought a +2 kite shield for 198 gold pieces
  5502 | D:6      | Reached skill level 8 in Fighting
  5502 | D:6      | Reached XP level 9. HP: 59/59 MP: 9/9
  5994 | D:6      | Reached skill level 5 in Shields
  6217 | D:6      | Found a shadowy altar of Dithmenos.
  6591 | D:6      | Found a radiant altar of Vehumet.
  7124 | D:7      | Reached skill level 9 in Fighting
  7287 | D:7      | Found a staircase to the Ecumenical Temple.
  7300 | Temple   | Entered the Ecumenical Temple
  7354 | Temple   | Became a worshipper of Cheibriados the Contemplative
  7671 | D:7      | Reached skill level 1 in Dodging
  7919 | D:7      | Reached skill level 1 in Invocations
  8335 | D:8      | Noticed a hornet
  8340 | D:8      | Killed a hornet
  8341 | D:8      | Reached XP level 10. HP: 56/66 MP: 11/11
  8663 | D:8      | Reached * piety under Cheibriados
  8754 | D:8      | Reached skill level 10 in Fighting
  9382 | D:9      | Noticed Maurice
  9448 | D:9      | Killed Maurice
  9449 | D:9      | Reached skill level 5 in Invocations
  9544 | D:9      | Noticed Joseph
  9561 | D:9      | Killed Joseph
  9561 | D:9      | Reached ** piety under Cheibriados
  9722 | D:9      | Found a staircase to the Orcish Mines.
  9919 | D:9      | Reached XP level 11. HP: 64/73 MP: 14/14
 10344 | D:10     | Entered Level 10 of the Dungeon
 10454 | D:10     | Reached skill level 11 in Fighting
 11258 | D:5      | Bought a scarf of repulsion for 144 gold pieces
 11550 | D:10     | Noticed a two-headed ogre
 11557 | D:10     | Killed a two-headed ogre
 11734 | D:10     | Reached *** piety under Cheibriados
 11858 | D:10     | Found a staircase to the Lair.
 13188 | D:12     | Noticed a deep elf pyromancer
 13188 | D:12     | Noticed a two-headed ogre
 13199 | D:12     | Killed a two-headed ogre
 13200 | D:12     | Reached skill level 12 in Fighting
 13458 | D:12     | Killed a deep elf pyromancer
 13985 | D:12     | Reached XP level 12. HP: 77/82 MP: 18/18
 14040 | D:12     | Noticed a boulder beetle
 14077 | D:12     | Killed a boulder beetle
 14115 | D:12     | Noticed Nessos
 14357 | D:12     | Killed Nessos
 14434 | D:12     | Noticed a tengu warrior
 14779 | D:12     | Reached skill level 13 in Fighting
 14804 | D:12     | Reached **** piety under Cheibriados
 14838 | D:12     | Noticed a centaur warrior
 14856 | D:12     | Slain by a vampire

Illustrated notes

Levels and vault maps discovered:
D:1:      dpeg_arrival_lava_altar, layout_rooms
D:2:      layout_basic, uniq_natasha
D:3:      cheibrodos_old_hovel, layout_rooms, shapermc_ecumenical_altar_gd
D:4:      layout_loops_corners, mainiacjoe_overflow_boulevard,
          yredelemnul_altar_generic, corexii_shack, uniq_ijyb, uniq_pikel
D:5:      layout_basic, nicolae_shop_distant_corner_stores
D:6:      layout_loops_corners, mainiacjoe_overflow_big_doors
D:7:      layout_basic, minmay_temple_entry_junction
D:8:      layout_cave_pools, minmay_ruffians
D:9:      layout_stronghold, david_orc_2, minmay_misc_feat_tower, uniq_maurice,
          uniq_joseph
D:10:     layout_basic, david_lair_generic
D:11:     layout_basic
D:12:     minmay_the_grid_triangle_9x9_recursive_2_mashed
          [minmay_the_grid_triangle_9x9_prize_insulated,
          minmay_the_grid_triangle_9x9_alien,
          minmay_the_grid_triangle_9x9_fully_insulated_deathbox,
          minmay_the_grid_triangle_9x9_tough_junction], layout_loops_corners,
          uniq_nessos
Temple:   dpeg_five_rooms_temple

Skill      XL: |  1  2  3  4  5  6  7  8  9 10 11 12 |
---------------+-------------------------------------+-----
Fighting       | 4 5 6 8 9 10 12 13 | 13.1
Maces & Flails | 3 4 5 6 8 9 |  9.5
Armour         | 4 5 6 7 |  7.9
Evocations     | 2 3 |  3.1
Shields        | 4 5 |  5.8
Dodging        | 2 4 |  4.3
Invocations    | 2 5 8 9 |  9.6

Action                     |  1- 3 |  4- 6 |  7- 9 | 10-12 || total
---------------------------+-------+-------+-------+-------++-------
  Melee: Flail             |   114 |   178 |   331 |   666 ||  1289
 Invoke: Bend Time         |       |       |       |     1 ||     1
         Slouch            |       |       |       |     1 ||     1
         Temporal Distorti |       |       |       |     1 ||     1
  Evoke: Wand              |       |       |     4 |    17 ||    21
    Use: Scroll            |     6 |     7 |     4 |    15 ||    32
         Potion            |       |     3 |     2 |     8 ||    13
   Stab: Paralysed         |       |       |       |    15 ||    15
 Armour: Scale mail        |    81 |   101 |     1 |       ||   183
         Chain mail        |       |       |   173 |   382 ||   555
  Dodge: Dodged            |    59 |    83 |    77 |   193 ||   412
         Repelled          |       |       |       |     3 ||     3
  Block: Buckler           |    26 |    35 |    13 |       ||    74
         Kite shield       |       |       |   117 |   403 ||   520

Table legend: (Time is in decaauts)
 A = Elapsed time spent in this place.
 B = Non-inter-level travel time spent in this place.
 C = Inter-level travel time spent in this place.
 D = Time resting spent in this place.
 E = Time spent auto-exploring this place.
 F = Levels seen in this place.
 G = Mean time per level.
                   A        B        C        D        E       F      G
               +--------+--------+--------+--------+--------+-----+--------+
         Total |  16834 |  15948 |    886 |   4009 |   9274 |  13 | 1294.9 |
       Dungeon |  16713 |  15939 |    774 |   4009 |   9274 |  12 | 1392.8 |
        Temple |    121 |      9 |    112 |      0 |      0 |   1 |  121.0 |
               +--------+--------+--------+--------+--------+-----+--------+

Top non-repeatable levels by time:
    D:10: 2150 daAuts
     D:6: 1943 daAuts
    D:12: 1824 daAuts
     D:4: 1818 daAuts
     D:9: 1569 daAuts
     D:7: 1518 daAuts
    D:11: 1441 daAuts
     D:5: 1359 daAuts
     D:8: 1046 daAuts
     D:3: 907 daAuts
     D:2: 616 daAuts
     D:1: 517 daAuts
  Temple: 121 daAuts
